 Dungeon Crawl Stone Soup version 0.26.0-10-g1f06aea511 (webtiles) character file.

Game seed: 2207606524651167980

2222 Dirian the Cleaver (level 9, -1/78 HPs)
             Began as a Hill Orc Fighter on Jan 18, 2021.
             Was an Initiate of Beogh.
             Slain by an orc warrior
             ... wielding a cursed -1 quarterstaff
              (15 damage)
             ... on level 7 of the Dungeon.
             The game lasted 00:08:10 (7094 turns).

Dirian the Cleaver (Hill Orc Fighter)               Turns: 7094, Time: 00:08:10

Health: -1/78      AC: 10    Str: 22    XL:     9   Next: 35%
Magic:  9/9        EV:  6    Int:  8    God:    Beogh [......]
Gold:   389        SH: 11    Dex: 10    Spells: 8/8 levels left

rFire    . . .     SeeInvis .   a - +1 war axe
rCold    . . .     Faith    .   c - +1 kite shield
rNeg     . . .     Spirit   .   f - +0 chain mail
rPois    .         Reflect  .   (no helmet)
rElec    .         Harm     .   (no cloak)
rCorr    .         Rampage  .   (no gloves)
Will     +....     Rnd*Tele +   (no boots)
Stlth    ..........             d - amulet of the acrobat
HPRegen  0.23/turn              n - ring of teleportation (curse)
MPRegen  0.11/turn              o - ring of willpower

@: hasted, very quick
A: no striking features
a: Renounce Religion


You were on level 7 of the Dungeon.
You worshipped Beogh.
Beogh was noncommittal.
You visited 1 branch of the dungeon, and saw 7 of its levels.

You collected 389 gold pieces.

Inventory:

Hand Weapons
 a - a +1 war axe (weapon)
 l - a +0 war axe
Armour
 c - a +1 kite shield (worn)
 f - a +0 chain mail (worn)
 p - a +0 tower shield
Jewellery
 d - an amulet of the acrobat (around neck)
 j - an uncursed ring of fire
 n - a cursed ring of teleportation (left hand)
 o - a ring of willpower (right hand)
Wands
 b - a wand of flame (23)
Scrolls
 k - 3 scrolls of enchant weapon
 r - 10 scrolls of identify
 t - a scroll of teleportation
Potions
 e - a potion of lignification
 g - a potion of magic
 h - a potion of haste
 q - 3 potions of curing


   Skills:
 + Level 6.4 Fighting
 + Level 11.0 Axes
 + Level 6.6 Armour
 + Level 6.9 Shields


You had 8 spell levels left.
You didn't know any spells.
Your spell library contained the following spells:

 Spells                   Type           Power        Failure   Level
 Foxfire                  Conj/Fire      0%           100%        1
 Conjure Flame            Conj/Fire      0%           100%        3
 Inner Flame              Hex/Fire       0%           100%        3
 Sticky Flame             Conj/Fire      0%           100%        4
 Fireball                 Conj/Fire      0%           100%        5


Dungeon Overview and Level Annotations

Branches:
Dungeon (7/15)             Temple (0/1) D:5

Altars:
Nemelex Xobeh
Sif Muna
Uskayaw
Yredelemnul


Message History

You hit the killer bee zombie.
The orc warrior hits you but does no damage.
The killer bee zombie hits you but does no damage.
Your chain mail prevents you from hitting the orc warrior.
The orc warrior is moderately wounded.
You closely miss the killer bee zombie.
The killer bee zombie hits you but does no damage.
You slash the orc warrior!
The orc warrior is severely wounded.
You closely miss the killer bee zombie.
The killer bee zombie hits you but does no damage.
The orc warrior hits you with a cursed -1 quarterstaff.
* * * LOW HITPOINT WARNING * * *
You hit the orc warrior.
The orc warrior is severely wounded.
You closely miss the killer bee zombie. The killer bee zombie hits you.
* * * LOW HITPOINT WARNING * * *
The orc warrior hits you with a cursed -1 quarterstaff!
You die...
Beogh appreciates the orc warrior's killing of a heretic priest.

#..##...
#####..#.....
##.#....#.....
##.....#....... #
#..............
#.##..##.).(.#
.>.....#.<...###.
#......#o†.......
#.)@.........
#.....##Z†.......
..... #..........
.... ............
..# ###Z##.....(.
# .. ....... ...
...##.. ...# #..#
..


You could see an orc warrior and a killer bee zombie.

Vanquished Creatures
  Harold (D:7)
  A water moccasin (D:5)
  A sky beast (D:5)
  3 ogres
  2 centaurs
  A big kobold (D:5)
  2 bullfrogs (D:6)
  A scorpion (D:5)
  A howler monkey (D:3)
  A bullfrog zombie (D:6)
  A centaur skeleton (D:5)
  2 orc priests (D:6)
  2 bullfrog skeletons
  2 gnoll shamans (D:4)
  An iguana (D:7)
  An orc wizard (D:4)
  Jessica (D:3)
  2 worker ants (D:4)
  A hound skeleton (D:5)
  7 gnolls (D:4)
  5 adders
  A shadow imp (D:7)
  2 white imps (D:6)
  4 worms
  3 dart slugs
  5 leopard geckos
  22 orcs
  2 ball pythons
  9 bats
  12 giant cockroaches
  9 goblins
  4 hobgoblins
  3 jackals (D:6)
  A quokka (D:2)
  3 frilled lizards (D:2)
  14 kobolds
  A leopard gecko skeleton (D:4)
  A quokka skeleton (D:4)
  10 rats
  A bush (D:3)
146 creatures vanquished.

Vanquished Creatures (others)
  A shadow imp (D:7)
  A leopard gecko (D:7)
  15 plants
17 creatures vanquished.

Grand Total: 163 creatures vanquished

Notes
Turn   | Place    | Note
-------+----------+-------------------------------------------
     0 | D:1      | Dirian the Hill Orc Fighter began the quest for the Orb.
     0 | D:1      | Reached XP level 1. HP: 19/19 MP: 1/1
   316 | D:1      | Reached XP level 2. HP: 27/27 MP: 2/2
   527 | D:1      | Reached skill level 3 in Axes
   788 | D:1      | Reached XP level 3. HP: 32/33 MP: 3/3
  1431 | D:2      | Reached skill level 4 in Axes
  1442 | D:2      | Reached XP level 4. HP: 38/40 MP: 4/4
  1752 | D:2      | Found a hide-covered altar of Uskayaw.
  2093 | D:3      | Reached XP level 5. HP: 36/47 MP: 5/5
  2120 | D:3      | Reached skill level 5 in Axes
  2903 | D:3      | Noticed Jessica
  2906 | D:3      | Killed Jessica
  3275 | D:4      | Noticed an ogre
  3371 | D:4      | Reached XP level 6. HP: 41/53 MP: 6/6
  3808 | D:4      | Reached skill level 6 in Axes
  4245 | D:4      | Reached XP level 7. HP: 60/60 MP: 7/7
  4261 | D:4      | Reached skill level 5 in Armour
  4538 | D:4      | Reached skill level 5 in Fighting
  4812 | D:5      | Entered Level 5 of the Dungeon
  4850 | D:5      | Found a sparkling altar of Nemelex Xobeh.
  4862 | D:5      | Reached skill level 7 in Axes
  4862 | D:5      | Reached skill level 5 in Shields
  4988 | D:5      | Found a basalt altar of Yredelemnul.
  5474 | D:5      | Reached XP level 8. HP: 69/69 MP: 8/8
  5698 | D:5      | Found a staircase to the Ecumenical Temple.
  5742 | D:5      | Reached skill level 8 in Axes
  6149 | D:6      | Found a shimmering blue altar of Sif Muna.
  6275 | D:6      | Identified the +0 plate armour of Doci {Dex+4}
  6276 | D:6      | Became a worshipper of Beogh the Brigand
  6405 | D:6      | Reached skill level 9 in Axes
  6970 | D:7      | Noticed Harold
  7085 | D:7      | Killed Harold
  7086 | D:7      | Reached skill level 11 in Axes
  7086 | D:7      | Reached XP level 9. HP: 37/78 MP: 9/9
  7094 | D:7      | Slain by an orc warrior

Illustrated notes

Levels and vault maps discovered:
D:1:      minmay_arrival_cross, layout_basic, kennysheep_pointless_box
D:2:      minmay_roachtagon, layout_loops_ring, nicolae_overflow_hidden_temple,
          minmay_fractal_squares_gapless_5
D:3:      layout_basic, serial_forest, infiniplex_forest_end_2,
          infiniplex_forest_clump_small, infiniplex_forest_lined_room_3,
          infiniplex_forest_diagonal, infiniplex_forest_lined_4_way,
          infiniplex_forest_diagonal, infiniplex_forest_clump_diagonal,
          uniq_jessica
D:4:      layout_gridville, minmay_misc_feat_chi, minmay_misc_feat_enclosed
D:5:      layout_loops_ring, nemelex_xobeh_ov_fountains_minmay,
          minmay_temple_entry_offerings, basic_altar, lexackson_kobold_supper
D:6:      layout_basic, kennysheep_mini
D:7:      layout_cave_pools, vehumet_statue, serial_shops, shop, uniq_harold,
          uniq_crazy_yiuf_cottage

Skill      XL: |  1  2  3  4  5  6  7  8 |
---------------+-------------------------+-----
Axes           | 3 4 5 6 7 11 | 11.0
Fighting       | 4 5 6 |  6.4
Armour         | 4 5 6 |  6.6
Shields        | 4 5 6 |  6.9

Action                   |  1- 3 |  4- 6 |  7- 9 || total
-------------------------+-------+-------+-------++-------
Melee: War axe           |   122 |   194 |   220 ||   536
Invok: Convert to Beogh  |       |       |     1 ||     1
  Use: Scroll            |       |    11 |     4 ||    15
       Potion            |       |       |     3 ||     3
Armor: Scale mail        |    53 |    68 |       ||   121
       Chain mail        |       |     2 |    71 ||    73
Dodge: Dodged            |    42 |    56 |    45 ||   143
Block: Kite shield       |    50 |    89 |   141 ||   280
